 Dungeon Crawl Stone Soup version 0.32-a0-960-g3814254bd7 (webtiles) character file.

Game seed: 10632281605081692824

167380 zorb987 the Severer (level 17, -7/156 HPs)
             Began as a Minotaur Fighter on Apr 17, 2024.
             Was the Champion of Okawaru.
             Mangled by a sun moth simulacrum (12 damage)
             ... on level 2 of the Spider Nest.
             The game lasted 03:57:11 (32276 turns).

zorb987 the Severer (Minotaur Fighter)             Turns: 32276, Time: 03:57:13

Health: -7/156     AC: 31    Str: 30    XL:     17   Next: 6%
Magic:  25/25      EV: 10    Int:  5    God:    Okawaru [******]
Gold:   842        SH:  0    Dex: 10    Spells: 16/16 levels left

rFire   . . .        s - +7 executioner's axe (flame)
rCold   . . .        (shield currently unavailable)
rNeg    . . .        V - +6 shadow dragon scales "Nazeyll" {rElec Will+ Stlth++++}
rPois   +            (helmet restricted)
rElec   +            C - +1 cloak
rCorr   .            r - +0 pair of gloves
SInv    .            b - +1 pair of boots
Will    ++...        Y - amulet of Vitality {Regen++ RegenMP++}
Stlth   ++++         e - ring of poison resistance
HPRegen 2.06/turn    K - ring of Equilibrium {+Blink Fly Str+6 Dex-5 Stlth+}
MPRegen 0.99/turn

%: no passive effects
@: mighty, on berserk cooldown, flying, hasted and slowed
A: horns 2, retaliatory headbutt
}: 1/15 runes: barnacled
a: Renounce Religion, Evoke Blink, Heroism, Finesse, Duel


You were on level 2 of the Spider Nest.
You worshipped Okawaru.
Okawaru was exalted by your worship.
You visited 5 branches of the dungeon, and saw 28 of its levels.
You also visited: Bailey and Ice Cave.

You collected 3927 gold pieces.
You spent 3085 gold pieces at shops.

Inventory:

Hand Weapons
 i - a +4 trident of flaming
 p - a +0 heavy sling
 s - a +7 executioner's axe of flaming (weapon)
 B - a +2 flail of holy wrath
 F - a +0 whip of distortion
 L - a +3 halberd
 R - the +6 dagger of Oozing Pus {flame, rPois Int+4}
   (You found it on level 11 of the Dungeon)

   Int+4:     It affects your intelligence (+4).
   rPois:     It protects you from poison.
Missiles
 h - 69 boomerangs (quivered)
 m - 56 poisoned darts
 z - 17 javelins
 E - 11 curare-tipped darts
 J - 10 datura-tipped darts
 N - 6 silver javelins
 S - 7 throwing nets
Armour
 b - a +1 pair of boots (worn)
 r - a +0 pair of gloves (worn)
 C - a +1 cloak (worn)
 P - the +5 scale mail "Vumait" {rElec rF+ rC+ Will-}
   (You found it on level 2 of the Shoals)

   rF+:       It protects you from fire.
   rC+:       It protects you from cold.
   rElec:     It insulates you from electricity.
   Will-:     It decreases your willpower.
 V - the +6 shadow dragon scales "Nazeyll" (worn) {rElec Will+ Stlth++++}
   (Okawaru gifted it to you on level 10 of the Dungeon)

   rElec:     It insulates you from electricity.
   Will+:     It increases your willpower.
   Stlth++++: It makes you much more stealthy.
Jewellery
 e - a ring of poison resistance (left hand)
 g - a ring of willpower
 n - a ring of protection from fire
 K - the ring of Equilibrium (right hand) {+Blink Fly Str+6 Dex-5 Stlth+}
   (You bought it in a shop on level 7 of the Dungeon)

   [ring of strength]

   Str+6:     It affects your strength (+6).
   Dex-5:     It affects your dexterity (-5).
   Fly:       It grants you flight.
   +Blink:    It lets you blink.
   Stlth+:    It makes you more stealthy.
 M - a ring of ice
 Q - a ring of resist corrosion
 T - an amulet of faith
 Y - the amulet of Vitality (around neck) {Regen++ RegenMP++}
   (You bought it in a shop on level 7 of the Dungeon)

   [amulet of nothing]

   Regen++:   It increases your rate of health regeneration.
   RegenMP++: It increases your rate of magic regeneration.
Wands
 l - a wand of acid (12)
 o - a wand of flame (43)
 t - a wand of polymorph (5)
 y - a wand of iceblast (11)
 H - a wand of mindburst (18)
 I - a wand of digging (3)
 Z - a wand of paralysis (4)
Scrolls
 a - 7 scrolls of identify
 k - 5 scrolls of teleportation
 w - 5 scrolls of poison
 D - a scroll of immolation
 G - 5 scrolls of fog
 O - 2 scrolls of fear
 X - 2 scrolls of blinking
Potions
 d - a potion of might
 f - 5 potions of resistance
 j - 2 potions of haste
 q - 3 potions of brilliance
 u - 2 potions of magic
 v - 2 potions of curing
 x - 2 potions of enlightenment
 A - 3 potions of ambrosia
 U - a potion of berserk rage
 W - 4 potions of lignification
Miscellaneous
 c - a lightning rod (4/4)


   Skills:
 + Level 15.0 Fighting
 + Level 20.9 Axes
 + Level 1.2(13.8) Maces & Flails
 + Level 14.5 Armour
 + Level 5.7 Dodging
 + Level 4.0 Stealth
 + Level 12.4 Shields
 + Level 1.0 Unarmed Combat
 * Level 12.3 Invocations
 * Level 9.6 Evocations


You had 16 spell levels left.
You didn't know any spells.
Your spell library contained the following spells:

 Spells                   Type           Power      Damage    Failure   Level
 Sandblast                Erth           0%         2d4       86%         1
 Cigotuvi's Dreadful Rot  Necr/Alch/Air  0%         N/A       95%         2
 Ensorcelled Hibernation  Hex/Ice        0%         N/A       95%         2
 Jinxbite                 Hex            0%         N/A       95%         2
 Lesser Beckoning         Tloc           0%         N/A       95%         2
 Frozen Ramparts          Ice            0%         1d1       99%         3
 Fugue of the Fallen      Necr           0%         N/A       99%         3
 Maxwell's Portable Pile  Tloc           0%         2d(5-13)  99%         3
 Ozocubu's Armour         Ice            0%         N/A       99%         3
 Passwall                 Erth           0%         N/A       99%         3
 Sigil of Binding         Hex            0%         N/A       99%         3
 Stone Arrow              Conj/Erth      0%         3d7       99%         3
 Swiftness                Air            0%         N/A       99%         3
 Teleport Other           Tloc           0%         N/A       99%         3
 Anguish                  Hex/Necr       0%         N/A       100%        4
 Dimensional Bullseye     Hex/Tloc       0%         N/A       100%        4
 Ignite Poison            Fire/Alch      0%         N/A       100%        4
 Leda's Liquefaction      Alch/Erth      0%         N/A       100%        4
 Passage of Golubria      Tloc           0%         N/A       100%        4
 Arcjolt                  Conj/Air       0%         1d10      100%        5
 Borgnjor's Vile Clutch   Necr/Erth      0%         N/A       100%        5
 Freezing Cloud           Conj/Ice/Air   0%         6-21      100%        5
 Lee's Rapid Deconstruct  Erth           0%         3d4*      100%        5
 Metabolic Englaciation   Hex/Ice        0%         N/A       100%        5
 Yara's Violent Unravell  Hex/Alch       0%         3d3       100%        5
 Dispersal                Tloc           0%         N/A       100%        6
 Gell's Gavotte           Tloc           0%         2d(11-16) 100%        6
 Permafrost Eruption      Ice/Erth       0%         2x4d1     100%        6
 Enfeeble                 Hex            0%         N/A       100%        7
 Maxwell's Capacitive Co  Air            0%         ∞         100%        8
 Call Canine Familiar     Summ           Unusable   N/A       N/A         3
 Tukima's Dance           Hex            Unusable   N/A       N/A         3
 Animate Dead             Necr           Unusable   N/A       N/A         4
 Summon Lightning Spire   Summ/Air       Unusable   N/A       N/A         4
 Death Channel            Necr           Unusable   N/A       N/A         6

Dungeon Overview and Level Annotations

Branches:
Dungeon (15/15)            Temple (0/1) D:7            Lair (5/5) D:11
 Shoals (4/4) Lair:2       Spider (2/4) Lair:3        Slime (0/5) Lair:5
    Orc (2/2) D:10            Elf (0/3) Orc:2        Vaults (0/5) D:14
 Depths (0/4) D:15         Bailey (visited)           IceCv (visited)

Altars:
Dithmenos
Elyvilon
Kikubaaqudgha
Makhleb
Okawaru
Ru
Trog
Vehumet
Wu Jian
Xom
Yredelemnul
Zin
Jiyva

Shops:
D:1 [   D:7 *=:*   Orc:2 (=[*   Shoals:4 =

Portals:
Trove: D:14 (give +7 demon blade)

Annotations:
D:5 2 runed translucent doors (insect farm)
D:14 treasure trove, needs +7 demon blade
Lair:2 3 runed translucent doors, happinesssam's ghost, journeyman DjAr
Lair:3 2 transporters, bmj180's ghost, journeyman HuCj
Lair:5 1 runed translucent door, Yohl's ghost, journeyman DrCj
Shoals:3 Roxanne
Spider:2 Arachne


Innate Abilities, Weirdness & Mutations

You have a pair of horns on your head.
You reflexively headbutt those who attack you in melee.


Message History

The demonic crawler attacks as it pursues you!
The demonic crawler hits you but does no damage. x3
You shake off some of the fire as you move.
The liquid fire burns you!
You shake off the liquid fire.
You feel your anger nearly subside.
You are no longer berserk.
You are exhausted.
You feel yourself slow down.
You feel yourself speed up.
The demonic crawler hits you but does no damage.
The demonic crawler barely misses you.
The demonic crawler hits you but does no damage.
The sun moth simulacrum bites you. The sun moth simulacrum freezes you!!
* * * LOW HITPOINT WARNING * * *
You feel very mighty all of a sudden. The demonic crawler barely misses you.
The demonic crawler misses you. The demonic crawler hits you!
* * * LOW HITPOINT WARNING * * *
The demonic crawler hits you but does no damage. x2
The demonic crawler closely misses you. The sun moth simulacrum bites you.
* * * LOW HITPOINT WARNING * * *
The sun moth simulacrum freezes you!
* * * LOW HITPOINT WARNING * * *
The orb spider weaves a glowing orb of energy.
An orb of destruction comes into view.
You are too injured to fight recklessly!
You feel better.
The orb spider's soul is no longer bound.
The demonic crawler hits you!
* * * LOW HITPOINT WARNING * * *
The demonic crawler hits you but does no damage. x2
The sun moth simulacrum barely misses you.
You furiously retaliate!
You headbutt the sun moth simulacrum!
You feel better.
The demonic crawler hits you but does no damage. x3
The orb spider begins to weave its threads into a brightly glowing ball.
The jumping spider leaps!
The sun moth simulacrum bites you!
* * * LOW HITPOINT WARNING * * *
The sun moth simulacrum freezes you!
You die...

..#.<#..## #^##........#
..#^.#...#^. ... ##.......#
.....#...... #.. #.....###
......###.. .#.# .#.#..# ..
###..^#.###.....# .. ..#.
.#....#^......^.# .. ##...
............#.)### #.##....#.
...#^.....###..#.###.s...#..#
<....###........@s.#.○.s...
..##.#........#.Z.*##○..#
..#........^......○○#.°.#...
.##........#.#..#s..H.§s.....
#######....#.†......s##..####
###...^....#.....##^.# .....
#?......†##^##s.....# .s..#
###......#.##..#...... .....
#.......#####..^#####... ^°#.


You could see Arachne (soul bound), a demonic crawler, 2 orb spiders, a jumping
spider (soul bound) and a sun moth simulacrum.

Vanquished Creatures
  A kraken (Shoals:3)
  2 emperor scorpions
  Louise (D:15)
  A broodmother (Spider:2)
  2 orc warlords
  A dire elephant (D:15)
  Azrael (D:15)
  2 merfolk javelineers (Shoals:4)
  6 merfolk impalers
  8 hydras
  Fannar (D:10)
  Harold (D:10)
  An ogre mage (D:15)
  An entropy weaver (Spider:1)
  An alligator snapping turtle (Shoals:2)
  A catoblepas (Lair:4)
  2 satyrs
  3 merfolk avatars
  6 two-headed ogres
  9 centaur warriors
  2 boulder beetles
  2 merfolk aquamancers (Shoals:4)
  3 orc high priests
  2 hell hogs (Lair:5)
  2 sun demons (Shoals:1)
  Sonja (Orc:1)
  4 pharaoh ants
  3 skysharks
  8 sea snakes
  A sun moth (shapeshifter) (D:15)
  2 orb spiders (Spider:1)
  A sun moth (Spider:2)
  2 lindwurms (Lair:5)
  3 steelbarb worms
  4 orc knights
  A thermic dynamo (D:14)
  12 harpies (Shoals:4)
  3 obsidian bats
  A necromancer (IceCv)
  Pikel (D:4)
  9 fauns
  3 deep elf pyromancers
  6 ugly things
  9 orc sorcerers
  11 manticores
  2 wolf spiders (Spider:2)
  10 cyclopes
  9 merfolk sirens
  A moth of wrath (Spider:2)
  2 kobold blastminers (Orc:2)
  3 meliai (D:13)
  An ice statue (IceCv)
  5 water nymphs
  7 black mambas
  18 elephants
  2 molten gargoyles (Lair:5)
  A gargoyle (D:13)
  2 kobold demonologists (D:11)
  15 cane toads
  13 komodo dragons
  A tengu conjurer (D:15)
  3 rime drakes
  2 freezing wraiths (IceCv)
  2 guardian mummies (D:14)
  2 trolls
  13 ice devils (IceCv)
  14 merfolk
  2 wind drakes
  Grinder (D:6)
  7 tarantellas
  A hornet (Lair:4)
  5 blink frogs (Lair:4)
  8 jumping spiders
  7 snapping turtles
  7 dream sheep
  2 water elementals
  17 slime creatures
  3 shadows
  A centaur simulacrum (D:12)
  4 culicivoras
  2 vampires (D:12)
  3 dire elephant simulacra (IceCv)
  3 wraiths
  13 wyverns
  38 yaks
  3 fire elementals (D:15)
  11 basilisks
  A hog (shapeshifter) (D:11)
  4 steam dragons
  2 wargs
  18 redbacks
  10 vampire mosquitoes
  A death yak simulacrum (IceCv)
  2 harpy simulacra (IceCv)
  6 acid dragons
  7 hell hounds
  2 hydra simulacra (IceCv)
  10 water moccasins
  An ice beast (D:6)
  38 orc warriors
  2 sky beasts (D:6)
  9 black bears
  4 wolves (Lair:5)
  11 ogres
  13 centaurs
  2 lemures (D:4)
  11 kobold brigands
  14 bullfrogs
  2 scorpions
  A two-headed ogre simulacrum (IceCv)
  6 cane toad simulacra (IceCv)
  3 wights (D:8)
  7 elephant simulacra
  15 killer bees
  4 electric eels
  5 lava snakes (Lair:5)
  6 hounds
  2 jellies
  21 orc priests
  2 gnoll boudas (D:9)
  17 iguanas
  A sleepcap (D:8)
  Terence (D:2)
  26 orc wizards
  Natasha (thrice) (D:4)
  14 hell rats
  A troll simulacrum (IceCv)
  2 polar bear simulacra (IceCv)
  A spriggan simulacrum (IceCv)
  6 wolf simulacra
  8 adders
  12 gnolls
  2 naga simulacra (IceCv)
  2 shadow imps
  3 white imps
  2 ufetubi (D:6)
  4 dart slugs
  3 ribbon worms
  90 orcs
  7 ball pythons
  7 endoplasms
  8 giant cockroaches
  16 goblins
  6 hobgoblins
  A quokka (D:1)
  6 bats
  10 frilled lizards
  30 kobolds
  5 rats
  A tentacle (Shoals:3)
950 creatures vanquished.

Vanquished Creatures (others)
  An iguana (Lair:2)
  3 orc wizards
  An orc (Orc:2)
  A frilled lizard (Lair:2)
  9 tentacles
15 creatures vanquished.

Grand Total: 965 creatures vanquished

Notes
Turn   | Place    | Note
-------+----------+-------------------------------------------
     0 | D:1      | zorb987 the Minotaur Fighter began the quest for the Orb.
     0 | D:1      | Reached XP level 1. HP: 19/19 MP: 0/0
   181 | D:1      | Reached XP level 2. HP: 16/27 MP: 1/1
   296 | D:1      | Found Suitad's Armour Shop.
   728 | D:2      | Identified the +0 scale mail "Zougg" {Harm rF+ Int+4}
   992 | D:2      | Reached skill level 3 in Axes
   992 | D:2      | Reached XP level 3. HP: 33/33 MP: 2/2
  1391 | D:2      | Reached XP level 4. HP: 40/40 MP: 3/3
  2013 | D:3      | Found an iron altar of Okawaru.
  2014 | D:3      | Noticed Terence
  2038 | D:2      | Killed Terence
  2101 | D:3      | Became a worshipper of Warmaster Okawaru
  2103 | D:3      | Found a faded altar of an unknown god.
  2139 | D:3      | Found an ancient bone altar of Kikubaaqudgha.
  2194 | D:3      | You fall into a shaft and drop 1 floor!
  2266 | D:3      | Found a shadowy altar of Dithmenos.
  2345 | D:3      | Found a bloodstained altar of Trog.
  2690 | D:3      | Reached skill level 4 in Axes
  2690 | D:3      | Reached XP level 5. HP: 19/47 MP: 4/4
  2697 | D:3      | Reached skill level 5 in Armour
  2903 | D:3      | Noticed an ogre
  2915 | D:3      | Killed an ogre
  2916 | D:3      | Reached skill level 1 in Dodging
  2916 | D:3      | Reached skill level 1 in Stealth
  2916 | D:3      | Reached XP level 6. HP: 32/53 MP: 5/5
  3145 | D:3      | Found a shimmering altar of Xom.
  3313 | D:4      | Reached skill level 5 in Axes
  3316 | D:5      | Entered Level 5 of the Dungeon
  3388 | D:4      | Noticed Pikel
  3404 | D:4      | Killed Pikel
  3404 | D:4      | Reached * piety under Okawaru
  3405 | D:4      | Reached skill level 5 in Fighting
  3405 | D:4      | Reached skill level 6 in Axes
  3405 | D:4      | Reached skill level 5 in Shields
  3405 | D:4      | Reached XP level 7. HP: 41/61 MP: 6/6
  3566 | D:4      | Found a sacrificial altar of Ru.
  3607 | D:4      | Found a radiant altar of Vehumet.
  3641 | D:4      | Noticed Natasha
  3643 | D:4      | Killed Natasha
  3732 | D:4      | Noticed Natasha
  3737 | D:4      | Killed Natasha
  3738 | D:4      | Reached skill level 7 in Axes
  3837 | D:4      | Found a white marble altar of Elyvilon.
  4065 | D:4      | Noticed Natasha
  4076 | D:4      | Killed Natasha
  4223 | D:6      | Reached XP level 8. HP: 63/70 MP: 7/7
  4254 | D:5      | Found a runed translucent door.
  4274 | D:5      | Found a runed translucent door.
  4353 | D:5      | Reached ** piety under Okawaru
  4354 | D:5      | Reached skill level 8 in Axes
  4717 | D:5      | Reached skill level 9 in Axes
  5082 | D:6      | Reached *** piety under Okawaru
  5298 | D:6      | Reached XP level 9. HP: 51/78 MP: 8/8
  5473 | D:6      | Reached skill level 10 in Axes
  5738 | D:7      | Found Quuppeff's General Store.
  5773 | D:6      | Noticed Grinder
  5780 | D:6      | Paralysed by Grinder for 4 turns
  5788 | D:6      | Killed Grinder
  5920 | D:6      | Reached skill level 1 in Evocations
  6239 | D:6      | Reached skill level 11 in Axes
  6898 | D:7      | Reached **** piety under Okawaru
  7029 | D:7      | Found a staircase to the Ecumenical Temple.
  7065 | D:7      | Found Laimus's General Store.
  7096 | D:7      | Found Itur's Book Shoppe.
  7289 | D:7      | Found Mothrupn's Jewellery Shoppe.
  7314 | D:7      | Reached skill level 1 in Invocations
  7655 | D:7      | Reached XP level 10. HP: 85/88 MP: 10/10
  7846 | D:9      | Found a flagged portal.
  7864 | Bailey   | Entered a bailey
  8155 | Bailey   | Noticed an orc knight
  8162 | Bailey   | Reached skill level 12 in Axes
  8178 | Bailey   | Reached ***** piety under Okawaru
  8183 | Bailey   | Killed an orc knight
  8184 | Bailey   | Found a burning altar of Makhleb.
  8364 | Bailey   | Identified the +1 robe of Lugonu {Will+ MP+9 Str-2 Slay+2}
  8521 | D:7      | Bought a +4 plate armour of cold resistance for 650 gold
                  | pieces
  8701 | D:8      | Identified a scroll of acquirement
  8701 | D:8      | Acquired a +2 heavy broad axe
  8711 | D:7      | Bought a wand of polymorph (4) for 72 gold pieces
  8711 | D:7      | Bought a potion of curing for 39 gold pieces
  8711 | D:7      | Bought a potion of curing for 39 gold pieces
  8711 | D:7      | Bought a scroll of teleportation for 39 gold pieces
  9107 | D:9      | Noticed a boulder beetle
  9107 | D:9      | Noticed a deep elf pyromancer
  9302 | D:9      | Killed a boulder beetle
  9303 | D:9      | Reached skill level 13 in Axes
  9426 | D:9      | Killed a deep elf pyromancer
  9426 | D:9      | Received a gift from Okawaru
  9434 | D:10     | Entered Level 10 of the Dungeon
  9774 | D:9      | Noticed a two-headed ogre
  9781 | D:9      | Killed a two-headed ogre
  9782 | D:9      | Reached XP level 11. HP: 92/97 MP: 11/13
 10232 | D:9      | Found a burning altar of Makhleb.
 10450 | D:10     | Found a staircase to the Orcish Mines.
 10503 | D:11     | Identified the +6 dagger of Oozing Pus {flame, rPois Int+4}
 10535 | D:10     | Noticed Harold
 10565 | D:10     | Noticed a green ugly thing
 10570 | D:10     | Killed Harold
 10577 | D:10     | Killed a green ugly thing
 10901 | D:10     | Reached skill level 14 in Axes
 11062 | D:10     | Reached ****** piety under Okawaru
 11062 | D:10     | Received a gift from Okawaru
 11181 | D:10     | Found a glowing silver altar of Zin.
 11344 | D:10     | Found an ornate altar of the Wu Jian Council.
 11385 | D:10     | Found a basalt altar of Yredelemnul.
 11385 | D:10     | Noticed a two-headed ogre
 11388 | D:10     | Killed a two-headed ogre
 11389 | D:10     | Reached skill level 5 in Invocations
 11443 | D:10     | Noticed a deep elf pyromancer
 11449 | D:10     | Killed a deep elf pyromancer
 11897 | D:11     | Reached skill level 10 in Fighting
 11914 | D:11     | Reached skill level 10 in Armour
 11978 | D:11     | Received a gift from Okawaru
 12184 | D:11     | Noticed a sun demon
 12410 | D:11     | Reached XP level 12. HP: 74/106 MP: 15/15
 12520 | D:12     | Reached skill level 15 in Axes
 12799 | D:11     | Found a staircase to the Lair.
 13293 | D:12     | Noticed a four-headed hydra
 13308 | D:12     | Killed a four-headed hydra
 13586 | D:12     | Received a gift from Okawaru
 13976 | D:12     | Reached skill level 1 in Unarmed Combat
 14217 | Lair:1   | Entered Level 1 of the Lair of Beasts
 14217 | Lair:1   | Found a frozen archway.
 14349 | IceCv    | Entered an ice cave
 14563 | IceCv    | Received a gift from Okawaru
 14576 | IceCv    | Found an ancient bone altar of Kikubaaqudgha.
 15010 | IceCv    | Reached skill level 16 in Axes
 15010 | IceCv    | Reached XP level 13. HP: 91/116 MP: 17/17
 15302 | IceCv    | Received a gift from Okawaru
 16011 | Lair:2   | Found the +4 robe of Augmentation {Str+4 Int+4 Dex+4}
 16011 | Lair:2   | Found a runed translucent gate.
 16011 | Lair:2   | Found a runed translucent gate.
 16011 | Lair:2   | Found a runed translucent gate.
 16521 | Lair:2   | Noticed a minotaur
 16522 | Lair:2   | Noticed happinesssam's ghost (journeyman DjAr)
 17056 | Lair:2   | Found a staircase to the Shoals.
 17197 | Lair:2   | Received a gift from Okawaru
 17200 | Lair:2   | Reached skill level 10 in Shields
 17490 | Lair:3   | Found a hole to the Spider Nest.
 18193 | Lair:3   | Found a transporter.
 18207 | Lair:3   | Found a transporter.
 18237 | Lair:3   | Noticed bmj180's ghost (journeyman HuCj)
 18423 | Lair:3   | Reached skill level 5 in Evocations
 18710 | D:7      | Bought the amulet of Vitality {Regen++ RegenMP++} for 1300
                  | gold pieces
 18710 | D:7      | Found the amulet of Vitality {Regen++ RegenMP++}
 19204 | Lair:3   | Received a gift from Okawaru
 19512 | Lair:5   | Entered Level 5 of the Lair of Beasts
 19516 | Lair:4   | Reached skill level 17 in Axes
 19632 | Lair:4   | Reached XP level 14. HP: 119/125 MP: 19/19
 19642 | Lair:4   | Received a gift from Okawaru
 20551 | Lair:5   | Found a runed translucent door.
 20712 | Lair:5   | Noticed Yohl's ghost (journeyman DrCj)
 20840 | Lair:5   | Found a staircase to the Slime Pits.
 20840 | Lair:5   | Found a viscous altar of Jiyva.
 21263 | Lair:5   | Received a gift from Okawaru
 21409 | Lair:5   | Reached skill level 1 in Maces & Flails
 21409 | Lair:5   | Found a large runed translucent door.
 21409 | Lair:5   | Found a large runed translucent door.
 21431 | Lair:5   | Reached skill level 5 in Dodging
 21865 | Orc:1    | Entered Level 1 of the Orcish Mines
 21865 | Orc:1    | Noticed Fannar
 21898 | Orc:1    | Noticed an orc warlord
 21925 | D:10     | Killed an orc warlord
 22111 | D:10     | Killed Fannar
 22111 | D:10     | Received a gift from Okawaru
 22201 | Orc:1    | Noticed Sonja
 22202 | Orc:1    | Killed Sonja
 22318 | Orc:2    | Entered Level 2 of the Orcish Mines
 22648 | Orc:2    | Noticed an orc warlord
 22677 | Orc:1    | Killed an orc warlord
 22772 | Orc:1    | Reached skill level 10 in Invocations
 22908 | Orc:1    | Received a gift from Okawaru
 22909 | Orc:1    | Reached skill level 18 in Axes
 22972 | Orc:2    | Reached XP level 15. HP: 112/134 MP: 21/21
 23346 | Orc:2    | Found a staircase to the Elven Halls.
 23631 | Orc:2    | Found Wuufiunk's General Store.
 23631 | Orc:2    | Found Juclua's Jewellery Shop.
 23634 | Orc:2    | Found Ubbojoxt's Antique Armour Shop.
 23634 | Orc:2    | Found Byceomok's Antique Weapon Boutique.
 23877 | D:10     | Acquired the +6 shadow dragon scales "Nazeyll" {rElec Will+
                  | Stlth++++}
 23877 | D:10     | Received a gift from Okawaru
 23890 | D:10     | Acquired a +6 executioner's axe of flaming
 23890 | D:10     | Received a gift from Okawaru
 24123 | D:13     | Noticed Nessos
 24133 | D:13     | Nessos changed into Nessos the komodo dragon
 24133 | D:13     | Noticed Nessos
 24140 | D:13     | Killed Nessos the komodo dragon
 24165 | D:13     | Identified the +0 plate armour of Midsummer {Int+4}
 24474 | D:13     | Received a gift from Okawaru
 24906 | D:15     | Entered Level 15 of the Dungeon
 25047 | D:15     | Noticed Louise
 25206 | D:14     | Identified the +3 leather armour of Classification {Harm
                  | rF+ Str+3 Stlth-}
 25454 | D:14     | Found a gate to the Vaults.
 25532 | D:14     | Found a portal to a secret trove of treasure.
 25959 | D:15     | Noticed Azrael
 25972 | D:15     | Killed Azrael
 25990 | D:15     | Received a gift from Okawaru
 26382 | D:15     | Found a staircase to the Depths.
 26434 | D:15     | Reached skill level 19 in Axes
 26906 | D:15     | Noticed an emperor scorpion
 26930 | D:15     | Killed an emperor scorpion
 26930 | D:15     | Received a gift from Okawaru
 27151 | D:15     | Killed Louise
 27550 | D:7      | Bought the ring of Equilibrium {+Blink Fly Str+6 Dex-5
                  | Stlth+} for 666 gold pieces
 27744 | Shoals:1 | Entered Level 1 of the Shoals
 28064 | Shoals:1 | Noticed a kraken
 28490 | Shoals:2 | Reached XP level 16. HP: 84/145 MP: 23/23
 28502 | Shoals:2 | Received a gift from Okawaru
 28696 | Shoals:2 | You are sucked into a shaft and drop 1 floor!
 28881 | Shoals:2 | Identified the +5 scale mail "Vumait" {rElec rF+ rC+ Will-}
 29028 | Shoals:4 | Entered Level 4 of the Shoals
 29151 | Shoals:3 | Noticed Roxanne
 29461 | Shoals:3 | Received a gift from Okawaru
 29465 | Shoals:3 | HP: 7/146 [satyr/arrow (14)]
 29502 | Shoals:3 | Noticed a kraken
 29515 | Shoals:3 | Killed a kraken
 30019 | Shoals:4 | Reached skill level 20 in Axes
 30028 | Shoals:4 | Received a gift from Okawaru
 30048 | Shoals:4 | Got a barnacled rune of Zot
 30260 | Shoals:4 | Found Dofu Dets's Jewellery Boutique.
 31240 | Shoals:4 | Bought a ring of poison resistance for 280 gold pieces
 31436 | Spider:1 | Entered Level 1 of the Spider Nest
 31958 | Spider:1 | Received a gift from Okawaru
 32237 | Spider:2 | Reached XP level 17. HP: 154/154 MP: 25/25
 32258 | Spider:2 | Reached skill level 15 in Fighting
 32258 | Spider:2 | Noticed Arachne
 32274 | Spider:2 | HP: 6/156 [sun moth simulacrum (10)]
 32276 | Spider:2 | Mangled by a sun moth simulacrum

Illustrated notes

Levels and vault maps discovered:
D:1:      mrwooster_arrival_statue_2, layout_basic, serial_shops,
          nicolae_shop_back_alley_shop, minmay_misc_feat_ornament
D:2:      layout_loops_corners, grunt_decor_resistance,
          ebering_dispersal_statue_hall, minmay_misc_feat_pillars
D:3:      layout_loops_corners, lemuel_round_altar,
          mainiacjoe_overflow_chevrons, okawaru_metal_pillars_3,
          lemuel_round_altar, old_standard_altar,
          dreamdust_ecumenical_altar_statues, dk_noncrumbling_2,
          minmay_ogre_servants, uniq_terence
D:4:      layout_loops_ring, nicolae_ru_great_annihilating_truth,
          mainiacjoe_overflow_alcove_4, lemuel_round_altar,
          minmay_misc_feat_columns, minivault_23, uniq_pikel, uniq_natasha
D:5:      lemuel_insect_pit, layout_basic, nicolae_letterblocks
          [nicolae_letter_subblock, nicolae_letter_subblock,
          nicolae_letter_subblock, nicolae_letter_subblock,
          nicolae_letter_subblock, nicolae_letter_subblock,
          nicolae_letter_subblock, nicolae_letter_subblock,
          nicolae_letter_subblock, nicolae_letter_subblock,
          nicolae_letter_subblock, nicolae_letter_subblock,
          nicolae_letter_subblock, nicolae_letter_subblock,
          nicolae_letter_subblock, nicolae_letter_subblock,
          nicolae_letter_subblock, nicolae_letter_subblock,
          nicolae_letter_subblock, nicolae_letter_subblock,
          nicolae_letter_subblock, nicolae_letter_subblock,
          nicolae_letter_subblock, nicolae_letter_subblock,
          nicolae_letter_subblock]
D:6:      nicolae_whirlpool, layout_basic, abandoned_shop, serial_bayou_lake_a,
          uniq_grinder
D:7:      minmay_spotlight, layout_basic, minmay_temple_entry_drinking_statues,
          serial_shops, shop, nicolae_shop_gaudy_bauble, shop, shop_fountains
D:8:      layout_basic
D:9:      layout_basic, mainiacjoe_overflow_small_starburst, enter_bailey_4
D:10:     minmay_cornered_nines, layout_basic, general_overflow_altar,
          marbit_many_paths, nzn_wu_jian_council_hall, orc_david_3, uniq_harold
D:11:     layout_loops_ring, grunt_lair_entry_orc_guard_hut, grunt_ministairs_15
D:12:     layout_basic, nicolae_straight_to_the_point
D:13:     layout_roguey, st_stairs_6, uniq_nessos
D:14:     layout_basic, hellmonk_vaults_attempted_burglary,
          hangedman_decor_diamond_cutter, nicolae_trove_entry_path_of_doom,
          serial_curves, eino_curves_02, eino_curves_02
D:15:     hangedman_depths_entry_try_elsewhere_first, layout_basic,
          serial_co_window_serial, co_window_paths_b,
          co_window_of_opportunity_a, co_window_paths_b, co_window_paths_b,
          co_window_paths_b, co_window_of_opportunity_a, co_window_paths_a,
          co_window_unsneaky_path_d, co_window_of_opportunity_b,
          co_window_2corner, co_window_corner_b, co_window_sun, glass_columns_b,
          glass_columns_b, glass_columns_b, uniq_azrael, uniq_louise
Lair:1:   layout_concentric_octagons, portal_ice_cave_entry_ice_simulacra
Lair:2:   lemuel_reptile_caves, layout_big_grid, elwin_shoals_entry_rooms,
          maelrawn_ghost_gauntlet_escape
Lair:3:   layout_misc_corridors, spider_nest_entry_funnel_web,
          gammafunk_ghost_arena, serial_bayou_shore_a
Lair:4:   layout_regular_city
Lair:5:   cheibrodos_lair_end_hotspot, layout_loops_ring, slime_entry_1,
          gammafunk_ghost_grave, st_stairs_3
Shoals:1: layout_shoals, nicolae_shoals_sun_and_surf
Shoals:2: layout_shoals, nicolae_shoals_isolated_beach
Shoals:3: layout_shoals, uniq_roxanne
Shoals:4: shoals_end_hangedman, layout_shoals, serial_shops,
          nicolae_shop_waterfront
Spider:1: layout_spider_delve, drop_trap
Spider:2: layout_spider_delve, uniq_arachne
Orc:1:    layout_diamond_mine, uniq_sonja, uniq_fannar
Orc:2:    st_orc_congregation, layout_caves

Skill      XL: |  1  2  3  4  5  6  7  8  9 10 11 12 13 14 15 16 17 |
---------------+----------------------------------------------------+-----
Armour         | 4 5 6 7 8 10 12 13 14 | 14.5
Fighting       | 4 5 6 7 9 10 11 12 13 14 15 | 15.0
Axes           | 3 4 6 7 9 11 13 14 16 17 18 19 20 | 20.9
Shields        | 4 5 6 7 8 9 10 12 | 12.4
Dodging        | 1 2 3 4 5 |  5.7
Stealth        | 1 2 3 4 |  4.0
Evocations     | 1 3 5 7 8 9 |  9.6
Invocations    | 1 4 5 7 8 10 11 12 | 12.3
Unarmed Combat | 1 |  1.0
Maces & Flails | 1 |  1.2

Action                     |  1- 3 |  4- 6 |  7- 9 | 10-12 | 13-15 | 16-18 || total
---------------------------+-------+-------+-------+-------+-------+-------++-------
  Melee: War axe           |    57 |   130 |   284 |    74 |       |       ||   545
         Headbutt          |     9 |    15 |    44 |    85 |   209 |    72 ||   434
         Broad axe         |       |       |       |   353 |   663 |       ||  1016
         Unarmed           |       |       |       |     3 |       |       ||     3
         Mace              |       |       |       |       |    17 |       ||    17
         Dagger            |       |       |       |       |    11 |       ||    11
         Executioner's axe |       |       |       |       |   291 |   373 ||   664
 Invoke: Receive Weapon    |       |       |       |       |     1 |       ||     1
         Receive Armour    |       |       |       |       |     1 |       ||     1
  Evoke: Wand              |       |       |    12 |    29 |    10 |    10 ||    61
    Use: Scroll            |     5 |     6 |     6 |     9 |    10 |     5 ||    41
         Potion            |       |       |       |    11 |     5 |    10 ||    26
   Stab: Paralysed         |       |       |     1 |       |       |       ||     1
         Sleeping          |       |       |     1 |       |     7 |    10 ||    18
         Invisible         |       |       |       |       |     4 |       ||     4
         Distracted        |       |       |       |       |       |     1 ||     1
 Armour: Scale mail        |    42 |    93 |    19 |       |       |       ||   154
         Ring mail         |       |       |   177 |    53 |       |       ||   230
         Plate armour      |       |       |       |   357 |   887 |       ||  1244
         Shadow dragon sca |       |       |       |       |   384 |   610 ||   994
  Dodge: Dodged            |    26 |    40 |   146 |   172 |   448 |   238 ||  1070
  Block: Buckler           |    14 |    33 |    59 |    18 |       |       ||   124
         Kite shield       |       |       |       |   237 |   634 |       ||   871

Table legend: (Time is in decaauts)
 A = Elapsed time spent in this place.
 B = Non-inter-level travel time spent in this place.
 C = Inter-level travel time spent in this place.
 D = Time resting spent in this place.
 E = Time spent auto-exploring this place.
 F = Levels seen in this place.
 G = Mean time per level.
                   A        B        C        D        E       F      G
               +--------+--------+--------+--------+--------+-----+--------+
         Total |  32833 |  30113 |   2720 |   5663 |  10772 |  30 | 1094.4 |
       Dungeon |  18306 |  17076 |   1230 |   3121 |   8700 |  15 | 1220.4 |
          Lair |   6935 |   5987 |    948 |   1301 |   2064 |   5 | 1387.0 |
        Shoals |   3476 |   3110 |    366 |    373 |      0 |   4 |  869.0 |
   Spider Nest |    655 |    655 |      0 |     12 |      0 |   2 |  327.5 |
  Orcish Mines |   1809 |   1634 |    175 |    144 |      8 |   2 |  904.5 |
        Bailey |    528 |    528 |      0 |    265 |      0 |   1 |  528.0 |
      Ice Cave |   1122 |   1122 |      0 |    447 |      0 |   1 | 1122.0 |
               +--------+--------+--------+--------+--------+-----+--------+

Top non-repeatable levels by time:
    D:10: 1950 daAuts
     D:6: 1844 daAuts
  Lair:2: 1749 daAuts
  Lair:3: 1599 daAuts
    D:11: 1535 daAuts
    D:15: 1364 daAuts
Shoals:4: 1347 daAuts
     D:9: 1308 daAuts
  Lair:5: 1298 daAuts
     D:7: 1287 daAuts
     D:3: 1257 daAuts
    D:12: 1226 daAuts
  Lair:1: 1201 daAuts
     D:2: 1182 daAuts
   IceCv: 1122 daAuts
